General information
			
			
        
        - name: BNet
 
        - type: Ladder team game (AT/RT)
 
        - host: Battle.net
 
        - saver: M.ata
 
        
map: RiverOfSouls 
        - players: 6
 
        - length: 23:50
 
        - speed: Fast
 - version: 1.21 W3XP
 - replay type:  Public
 
» download(172 KB)
Players
        team 1 (loser) 
              
              
fr0z3n_b00nbash (
orange | 62 APM | 1471 actions | 23:42)
              
 5 Priestess of the Moon 
 3 Trueshot Aura
 2 Searing Arrows
 
                » actions 
                
                | Build / train | 59 |  | 
| Enter build submenu | 19 |  | 
| Enter hero's abilities submenu | 5 |  | 
| Remove unit from queue | 16 |  | 
| Right click | 816 |  | 
| Select / deselect | 506 |  | 
| Use ability | 50 |  | 
                1471 total
 » units 
                
                | Wisp | 15 |  | 
| Glaive Thrower | 10 |  | 
| Huntress | 5 |  | 
| Druid of the Talon | 5 |  | 
| Hippogryph | 13 |  | 
                48 total
 » upgrades
                
                | Druid of the Talon Training | 1 |  | 
                1 total
 » buildings
                
                | Altar of Elders | 1 |  | 
| Moon Well | 8 |  | 
| Hunter's Hall | 2 |  | 
| Ancient of War | 2 |  | 
| Tree of Ages | 1 |  | 
| Ancient of Wind | 2 |  | 
| Tree of Eternity | 1 |  | 
| Chimaera Roost | 1 |  | 
                18 total
 » build order
                00:04 Altar of Elders
00:08 Moon Well
01:10 Hunter's Hall
01:58 Ancient of War
02:08 Ancient of War
03:19 Moon Well
04:50 Moon Well
06:35 Moon Well
11:16 Tree of Ages
12:06 Hunter's Hall
13:48 Ancient of Wind
14:37 Moon Well
15:02 Ancient of Wind
15:49 Moon Well
16:25 Tree of Eternity
17:00 Moon Well
18:59 Chimaera Roost
22:07 Moon Well
 
               
              
              
ImbA-rAtor (
green | 68 APM | 1612 actions | 23:46)
              
 6 Mountain King 
 3 Storm Bolt
 2 Bash
 1 Avatar
 
                » actions 
                
                | Assign group hotkey | 36 |  | 
| Basic commands | 11 |  | 
| Build / train | 85 |  | 
| Enter build submenu | 24 |  | 
| Enter hero's abilities submenu | 6 |  | 
| Right click | 889 |  | 
| Select / deselect | 410 |  | 
| Select group hotkey | 81 |  | 
| Use ability | 70 |  | 
                1612 total
 » units 
                
                | Peasant | 14 |  | 
| Footman | 15 |  | 
| Mortar Team | 5 |  | 
| Flying Machine | 10 |  | 
| Siege Engine | 7 |  | 
                51 total
 » upgrades
                
                | Defend | 1 |  | 
| Gunpowder | 2 |  | 
| Flak Cannons | 1 |  | 
| Plating | 3 |  | 
| Barrage | 1 |  | 
| Masonry | 2 |  | 
                10 total
 » buildings
                
                | Altar of Kings | 1 |  | 
| Farm | 9 |  | 
| Barracks | 1 |  | 
| Scout Tower | 5 |  | 
| Arcane Tower | 1 |  | 
| Keep | 1 |  | 
| Lumber Mill | 1 |  | 
| Arcane Vault | 1 |  | 
| Blacksmith | 1 |  | 
| Workshop | 2 |  | 
| Castle | 1 |  | 
                24 total
 » build order
                00:05 Altar of Kings
00:17 Farm
00:21 Barracks
00:54 Farm
02:02 Farm
02:31 Scout Tower
03:22 Arcane Tower
05:35 Keep
06:04 Farm
06:07 Lumber Mill
06:25 Arcane Vault
07:44 Blacksmith
08:35 Farm
09:16 Workshop
09:20 Workshop
10:23 Farm
12:12 Castle
12:48 Farm
16:45 Farm
18:10 Farm
22:32 Scout Tower
22:36 Scout Tower
22:38 Scout Tower
22:42 Scout Tower
» items
                
                | Scroll of Regeneration | 6 |  | 
| Lesser Clarity Potion | 5 |  | 
| Potion of Mana | 2 |  | 
| Potion of Healing | 1 |  | 
                14 total
  
               
              
              
rey619united (
teal | 37 APM | 874 actions | 23:48)
              
 3 Tauren Chieftain 
 1 Endurance Aura
 2 Shockwave
 
                » actions 
                
                | Assign group hotkey | 1 |  | 
| Build / train | 27 |  | 
| Enter build submenu | 13 |  | 
| Enter hero's abilities submenu | 3 |  | 
| Remove unit from queue | 1 |  | 
| Right click | 571 |  | 
| Select / deselect | 220 |  | 
| Select group hotkey | 3 |  | 
| Use ability | 35 |  | 
                874 total
 » units 
                
                | Peon | 6 |  | 
| Troll Headhunter/Berserker | 4 |  | 
| Demolisher | 1 |  | 
| Wind Rider | 7 |  | 
                18 total
 » upgrades
                » buildings
                
                | Altar of Storms | 1 |  | 
| Orc Burrow | 6 |  | 
| War Mill | 1 |  | 
| Barracks | 2 |  | 
| Stronghold | 1 |  | 
| Beastiary | 2 |  | 
| Fortress | 1 |  | 
| Great Hall | 1 |  | 
                15 total
 » build order
                00:03 Altar of Storms
00:24 Orc Burrow
00:33 War Mill
02:00 Barracks
02:03 Barracks
02:27 Orc Burrow
02:35 Orc Burrow
04:01 Stronghold
06:38 Beastiary
06:40 Beastiary
06:53 Orc Burrow
07:40 Orc Burrow
12:51 Orc Burrow
15:37 Fortress
18:36 Great Hall
 
               team 2 (winner) 
              
              
iggy_the_fisk (
blue | 94 APM | 2241 actions | 23:49)
              
 3 Warden 
 2 Shadow Strike
 1 Blink
 2 Keeper of the Grove 
 1 Entangling Roots
 1 Thorns Aura
 
                » actions 
                
                | Assign group hotkey | 35 |  | 
| Build / train | 79 |  | 
| Enter build submenu | 27 |  | 
| Enter hero's abilities submenu | 5 |  | 
| Remove unit from queue | 10 |  | 
| Right click | 1577 |  | 
| Select / deselect | 205 |  | 
| Select group hotkey | 207 |  | 
| Use ability | 96 |  | 
                2241 total
 » units 
                » upgrades
                
                | Nature's Blessing | 1 |  | 
| Corrosive Breath | 1 |  | 
| Strength of the Wild | 2 |  | 
| Well Spring | 1 |  | 
| Reinforced Hides | 1 |  | 
                6 total
 » buildings
                
                | Altar of Elders | 1 |  | 
| Moon Well | 13 |  | 
| Tree of Life | 1 |  | 
| Ancient of Wonders | 1 |  | 
| Tree of Ages | 1 |  | 
| Tree of Eternity | 1 |  | 
| Ancient of Wind | 2 |  | 
| Chimaera Roost | 1 |  | 
| Hunter's Hall | 1 |  | 
                22 total
 » build order
                00:17 Altar of Elders
00:46 Moon Well
05:11 Tree of Life
05:47 Moon Well
05:58 Moon Well
07:41 Moon Well
07:50 Ancient of Wonders
08:46 Moon Well
11:04 Tree of Ages
12:33 Moon Well
12:34 Moon Well
14:23 Tree of Eternity
15:19 Ancient of Wind
15:48 Ancient of Wind
16:56 Moon Well
17:03 Moon Well
17:13 Chimaera Roost
18:13 Moon Well
18:17 Moon Well
18:41 Hunter's Hall
19:43 Moon Well
19:44 Moon Well
» items
                
                | Lesser Clarity Potion | 1 |  | 
| Moonstone | 1 |  | 
| Scroll of Town Portal | 1 |  | 
                3 total
  
               
              
              
M.ata (
yellow | 118 APM | 2823 actions | 23:50)
              
 4 Archmage 
 2 Blizzard
 2 Brilliance Aura
 3 Blood Mage 
 2 Flame Strike
 1 Siphon Mana
 
                » actions 
                
                | Assign group hotkey | 214 |  | 
| Build / train | 267 |  | 
| Enter build submenu | 123 |  | 
| Enter hero's abilities submenu | 7 |  | 
| Right click | 1161 |  | 
| Select / deselect | 845 |  | 
| Select group hotkey | 9 |  | 
| Use ability | 197 |  | 
                2823 total
 » units 
                » upgrades
                
                | Masonry | 3 |  | 
| Lumber Harvesting | 2 |  | 
| Gunpowder | 2 |  | 
| Plating | 1 |  | 
| Flak Cannons | 1 |  | 
| Flying Machine Bombs | 2 |  | 
                11 total
 » buildings
                
                | Lumber Mill | 1 |  | 
| Farm | 9 |  | 
| Scout Tower | 125 |  | 
| Arcane Tower | 9 |  | 
| Guard Tower | 194 |  | 
| Altar of Kings | 2 |  | 
| Keep | 1 |  | 
| Castle | 2 |  | 
| Blacksmith | 1 |  | 
| Workshop | 2 |  | 
                346 total
 » build order
                00:05 Lumber Mill
00:34 Farm
00:53 Scout Tower
00:55 Scout Tower
00:57 Scout Tower
01:08 Scout Tower
01:11 Scout Tower
01:14 Scout Tower
01:21 Arcane Tower
01:21 Arcane Tower
01:23 Arcane Tower
01:23 Arcane Tower
01:23 Arcane Tower
01:24 Arcane Tower
01:43 Scout Tower
01:46 Scout Tower
01:48 Guard Tower
01:49 Guard Tower
01:50 Guard Tower
01:51 Scout Tower
01:59 Guard Tower
01:59 Guard Tower
01:59 Guard Tower
02:06 Scout Tower
02:09 Scout Tower
02:13 Scout Tower
02:15 Scout Tower
02:15 Guard Tower
02:15 Guard Tower
02:16 Guard Tower
02:18 Guard Tower
02:18 Guard Tower
02:19 Guard Tower
02:21 Guard Tower
02:21 Guard Tower
02:33 Guard Tower
02:33 Guard Tower
02:40 Guard Tower
02:40 Guard Tower
03:05 Guard Tower
03:05 Guard Tower
03:05 Scout Tower
03:07 Guard Tower
03:08 Scout Tower
03:35 Scout Tower
03:38 Guard Tower
03:40 Scout Tower
03:42 Guard Tower
03:42 Guard Tower
03:43 Scout Tower
04:09 Scout Tower
04:10 Scout Tower
04:18 Scout Tower
04:18 Guard Tower
04:18 Guard Tower
04:21 Guard Tower
04:26 Altar of Kings
04:32 Scout Tower
04:32 Scout Tower
04:34 Guard Tower
04:36 Scout Tower
04:37 Guard Tower
04:37 Guard Tower
04:39 Guard Tower
04:40 Guard Tower
04:45 Scout Tower
04:45 Scout Tower
04:46 Guard Tower
04:46 Guard Tower
04:57 Scout Tower
05:01 Scout Tower
05:11 Guard Tower
05:11 Guard Tower
05:12 Guard Tower
05:13 Guard Tower
05:14 Scout Tower
05:15 Scout Tower
05:17 Guard Tower
05:18 Guard Tower
05:19 Guard Tower
05:19 Guard Tower
05:29 Scout Tower
05:30 Guard Tower
05:32 Scout Tower
05:35 Farm
05:36 Farm
05:41 Guard Tower
05:42 Guard Tower
05:49 Guard Tower
05:50 Scout Tower
06:16 Guard Tower
06:16 Guard Tower
06:17 Guard Tower
06:21 Scout Tower
06:23 Guard Tower
06:23 Guard Tower
06:24 Guard Tower
06:25 Guard Tower
06:26 Guard Tower
06:51 Guard Tower
06:52 Scout Tower
07:02 Scout Tower
07:11 Scout Tower
07:24 Guard Tower
07:28 Scout Tower
07:29 Scout Tower
07:41 Scout Tower
07:41 Scout Tower
07:42 Scout Tower
07:43 Scout Tower
07:44 Keep
07:50 Scout Tower
07:51 Guard Tower
07:51 Guard Tower
08:18 Scout Tower
08:19 Scout Tower
08:22 Guard Tower
08:24 Guard Tower
08:24 Guard Tower
08:25 Scout Tower
08:27 Guard Tower
08:27 Guard Tower
08:27 Guard Tower
08:28 Guard Tower
08:30 Scout Tower
08:32 Scout Tower
08:32 Scout Tower
08:33 Scout Tower
08:34 Scout Tower
08:40 Scout Tower
08:43 Scout Tower
08:43 Scout Tower
08:45 Scout Tower
08:45 Scout Tower
08:46 Scout Tower
08:46 Scout Tower
08:48 Guard Tower
08:53 Guard Tower
08:54 Guard Tower
09:15 Guard Tower
09:15 Guard Tower
09:18 Guard Tower
09:20 Guard Tower
09:35 Guard Tower
09:35 Guard Tower
09:46 Guard Tower
10:02 Scout Tower
10:02 Scout Tower
10:12 Scout Tower
10:13 Scout Tower
10:14 Scout Tower
10:22 Guard Tower
10:22 Guard Tower
10:30 Scout Tower
10:31 Scout Tower
10:33 Scout Tower
10:33 Scout Tower
10:55 Scout Tower
10:55 Scout Tower
10:56 Scout Tower
10:57 Scout Tower
11:04 Guard Tower
11:04 Guard Tower
11:07 Guard Tower
11:07 Guard Tower
11:08 Guard Tower
11:11 Guard Tower
11:17 Scout Tower
11:18 Scout Tower
11:19 Scout Tower
11:20 Scout Tower
11:59 Guard Tower
12:16 Guard Tower
12:16 Guard Tower
12:48 Guard Tower
12:48 Guard Tower
12:58 Guard Tower
12:59 Guard Tower
12:59 Guard Tower
13:01 Farm
13:04 Guard Tower
13:38 Farm
14:20 Scout Tower
14:21 Scout Tower
14:21 Scout Tower
14:25 Altar of Kings
14:46 Scout Tower
14:46 Scout Tower
14:47 Scout Tower
14:57 Guard Tower
14:57 Guard Tower
14:58 Guard Tower
14:59 Scout Tower
15:00 Scout Tower
15:04 Scout Tower
15:05 Scout Tower
15:05 Scout Tower
15:09 Guard Tower
15:09 Guard Tower
15:12 Scout Tower
15:13 Scout Tower
15:15 Scout Tower
15:17 Guard Tower
15:17 Guard Tower
15:17 Guard Tower
15:17 Guard Tower
15:45 Guard Tower
15:45 Guard Tower
15:46 Guard Tower
15:46 Guard Tower
15:53 Farm
15:53 Farm
16:03 Scout Tower
16:03 Guard Tower
16:04 Scout Tower
16:18 Guard Tower
16:19 Guard Tower
16:20 Scout Tower
16:26 Castle
16:36 Guard Tower
16:36 Guard Tower
16:36 Guard Tower
16:43 Guard Tower
16:46 Scout Tower
16:47 Scout Tower
16:49 Guard Tower
16:50 Scout Tower
16:51 Scout Tower
16:55 Scout Tower
16:57 Scout Tower
16:58 Scout Tower
17:08 Guard Tower
17:10 Guard Tower
17:14 Scout Tower
17:15 Scout Tower
17:24 Guard Tower
17:27 Scout Tower
17:31 Guard Tower
17:32 Scout Tower
17:45 Guard Tower
18:07 Guard Tower
18:07 Guard Tower
18:08 Scout Tower
18:12 Blacksmith
18:21 Guard Tower
18:21 Scout Tower
18:22 Scout Tower
18:23 Scout Tower
18:23 Scout Tower
18:38 Guard Tower
18:38 Guard Tower
18:38 Guard Tower
18:42 Scout Tower
18:43 Scout Tower
19:04 Guard Tower
19:04 Guard Tower
19:04 Guard Tower
19:25 Scout Tower
19:26 Scout Tower
19:28 Guard Tower
19:50 Guard Tower
19:50 Guard Tower
19:56 Workshop
19:56 Workshop
20:01 Guard Tower
20:01 Guard Tower
20:07 Guard Tower
20:08 Scout Tower
20:09 Scout Tower
20:09 Scout Tower
20:27 Farm
20:35 Guard Tower
20:35 Guard Tower
20:38 Guard Tower
20:38 Guard Tower
20:42 Scout Tower
21:11 Guard Tower
21:14 Scout Tower
21:32 Guard Tower
21:32 Guard Tower
21:51 Scout Tower
21:52 Scout Tower
21:54 Scout Tower
21:55 Scout Tower
21:55 Scout Tower
22:03 Guard Tower
22:03 Guard Tower
22:09 Scout Tower
22:11 Scout Tower
22:44 Farm
» items
                 
               
              
              
» 
nutsonyochin.de (
pink | 86 APM | 2039 actions | 23:49)
              
 6 Demon Hunter 
 2 Mana Burn
 3 Evasion
 1 Metamorphosis
 
                » actions 
                
                | Assign group hotkey | 14 |  | 
| Basic commands | 29 |  | 
| Build / train | 63 |  | 
| ESC pressed | 1 |  | 
| Enter build submenu | 28 |  | 
| Enter hero's abilities submenu | 6 |  | 
| Give item / drop item | 1 |  | 
| Right click | 1020 |  | 
| Select / deselect | 168 |  | 
| Select group hotkey | 633 |  | 
| Use ability | 75 |  | 
                2039 total
 » units 
                » upgrades
                
                | Ultravision | 1 |  | 
| Strength of the Wild | 3 |  | 
| Reinforced Hides | 3 |  | 
| Corrosive Breath | 2 |  | 
| Well Spring | 1 |  | 
                10 total
 » buildings
                
                | Altar of Elders | 1 |  | 
| Moon Well | 19 |  | 
| Tree of Life | 1 |  | 
| Tree of Ages | 1 |  | 
| Hunter's Hall | 1 |  | 
| Tree of Eternity | 1 |  | 
| Ancient of Wind | 1 |  | 
| Ancient of Wonders | 1 |  | 
| Chimaera Roost | 6 |  | 
                32 total
 » build order
                00:07 Altar of Elders
00:11 Moon Well
00:59 Moon Well
04:26 Tree of Life
04:50 Moon Well
04:51 Moon Well
04:53 Moon Well
04:55 Moon Well
05:48 Tree of Ages
06:50 Moon Well
06:51 Moon Well
06:51 Moon Well
06:51 Moon Well
07:05 Hunter's Hall
08:25 Moon Well
08:30 Tree of Eternity
09:46 Moon Well
09:48 Moon Well
09:49 Moon Well
09:54 Ancient of Wind
10:47 Ancient of Wonders
11:18 Chimaera Roost
11:20 Chimaera Roost
11:24 Chimaera Roost
11:26 Chimaera Roost
11:31 Chimaera Roost
11:50 Chimaera Roost
16:46 Moon Well
16:47 Moon Well
16:47 Moon Well
16:48 Moon Well
16:48 Moon Well
» items
                
                | Staff of Teleportation | 1 |  | 
| Boots of Speed | 1 |  | 
| Orb of Venom | 1 |  | 
| Potion of Healing | 1 |  | 
| Staff of Preservation | 1 |  | 
| Scroll of Town Portal | 1 |  | 
                6 total
  
                Chat log
          (00:40 / All) rey619united: hi gl hf from?
(00:43 / All) nutsonyochin.de: from
(00:52 / All) rey619united: indunesia
(01:33 / All) ImbA-rAtor: we already do 
(01:34 / All) ImbA-rAtor: ...
(02:13 / All) fr0z3n_b00nbash: FAST TECH !!
(02:17 / All) ImbA-rAtor: m2
(02:32 / All) rey619united: me mass peons
(23:44 / All) M.ata: GG